 Dungeon Crawl Stone Soup version 0.16-a0-282-ga87e286 (webtiles) character file.

77 Charly the Firebug (level 4, -6/33 HPs)
             Began as a Draconian Fire Elementalist on Aug 27, 2014.
             Killed by nerve-wracking pain
             ... invoked by an orc priest
              (7 damage)
             ... on Level 3 of the Dungeon.
             The game lasted 00:10:28 (573 turns).

Charly the Firebug (Draconian Fire Elementalist)     Turns: 573, Time: 00:10:28

HP  -6/33        AC  5     Str 10      XL: 4   Next: 13%
MP   0/7         EV 12     Int 16      God:
Gold 40          SH  0     Dex 12      Spells:  2 memorised,  3 levels left

rFire  . . .     SeeInvis .     (no weapon)
rCold  . . .     Clarity  .     (armour unavailable)
rNeg   . . .     rCorr    .     (no shield)
rPois  .         rRot     .     (helmet restricted)
rElec  .         Spirit   .     (no cloak)
SustAb .         Warding  .     (no gloves)
rMut   .         Stasis   .     (no boots)
Gourm  .                        (no amulet)
MR     .....                    (no ring)
                                a - +1 ring of slaying

@: very slightly contaminated, not resistant to hostile enchantments, unstealthy
A: unfitting armour, cold-blooded, AC +5
a: no special abilities


You were on level 3 of the Dungeon.
You were not hungry.

You visited 1 branch of the dungeon, and saw 4 of its levels.

You collected 40 gold pieces.

Inventory:

Comestibles
 c - 4 bread rations
 d - a meat ration
Scrolls
 f - a scroll of remove curse
 g - a scroll of fear {unknown}
 h - a scroll of teleportation {unknown}
 j - a scroll of enchant weapon {unknown}
 k - a scroll of amnesia {unknown}
Jewellery
 a - a +1 ring of slaying (left hand)
Potions
 e - a potion of degeneration {unknown}
Books
 b - a book of Flames

   Spells                             Type                      Level
   *Flame Tongue                      Conjuration/Fire             1
   Throw Flame                        Conjuration/Fire             2
   *Conjure Flame                     Conjuration/Fire             3
   Inner Flame                        Hexes/Fire                   3
   Sticky Flame                       Conjuration/Fire             4
   Fireball                           Conjuration/Fire             5


   Skills:
 - Level 1.7 Dodging
 - Level 1.7 Stealth
 - Level 2.0 Spellcasting
 + Level 2.6 Conjurations
 + Level 4.2 Fire Magic


You had 3 spell levels left.
You knew the following spells:

 Your Spells              Type           Power        Failure   Level  Hunger
c - Conjure Flame         Conj/Fire      ##......     17%         3    ####...
f - Flame Tongue          Conj/Fire      ##...        8%          1    #......


Dungeon Overview and Level Annotations

Branches:
Dungeon (4/15)
 Temple: D:4-7

Altars:
Gozag


Innate Abilities, Weirdness & Mutations

Your plain brown scales are hard (AC +5).
Your body does not fit into most forms of armour.
Your cold-blooded metabolism reacts poorly to cold.


Message History

Aim: an orc priest, wielding a dagger (heavily wounded)
You miscast Flame Tongue.
Wisps of smoke drift from your hands.
The orc priest hits you but does no damage.
Casting: Flame Tongue
Confirm with . or Enter, or press ? or * to list all spells.
Aiming: Flame Tongue
Press: ? - help, Shift-Dir - straight line, f/p - orc priest
Aim: an orc priest, wielding a dagger (heavily wounded)
The flame tongue hits the orc priest.
The orc priest is severely wounded.
The orc priest hits you but does no damage.
You hit the orc priest.
The orc priest is severely wounded.
The orc priest hits you with a dagger.
* * * LOW HITPOINT WARNING * * *
You hit the orc priest.
The orc priest is severely wounded.
The orc priest mumbles some strange prayers to Beogh against you.
Pain shoots through your body!
You die...

### ..# . #.# .. #.# #.
#.# ._ #.# ###. #.# $..
#@### #.###o..#
#....#### ###
######>####
.g######....o....######
#......................
####.............###..#
.....###.............#
.#######..........####


You could see an orc priest.

Vanquished Creatures
  A worker ant (D:3)
  3 adders
  A giant gecko (D:2)
  An ooze (D:2)
  An orc (D:3)
  A bat (D:2)
  3 goblins
  4 hobgoblins
  4 kobolds
  A rat (D:2)
20 creatures vanquished.

Notes
Turn   | Place    | Note
--------------------------------------------------------------
     0 | D:1      | Charly, the Draconian Fire Elementalist, began the quest for the Orb.
     0 | D:1      | Reached XP level 1. HP: 14/14 MP: 3/3
    88 | D:2      | Reached XP level 2. HP: 20/20 MP: 0/4
   267 | D:2      | Reached XP level 3. HP: 14/26 MP: 0/6
   413 | D:3      | Reached skill level 4 in Fire Magic
   419 | D:3      | Learned a level 3 spell: Conjure Flame
   505 | D:3      | Reached XP level 4. HP: 15/33 MP: 1/7
   547 | D:3      | Found an opulent altar of Gozag.
   568 | D:3      | HP: 1/33 [orc priest/divine providence (13)]
   573 | D:3      | Killed from afar by an orc priest

Action                   |  1- 3 |  4- 6 || total
-------------------------+-------+-------++-------
Melee: Unarmed           |    47 |    10 ||    57
 Cast: Flame Tongue      |    37 |     4 ||    41
       Conjure Flame     |       |     1 ||     1
  Use: Scroll            |     1 |       ||     1
       Potion            |       |     1 ||     1
